BLB
SYRACUSE SNAPPERS @ INDIANAPOLIS CLOWNS
03/05/2060
 
TOP OF THE 1ST
Syracuse Snappers batting - Pitching for Indianapolis Clowns : RHP Cooper Welsh
Pitching: RHP Cooper Welsh
Batting: LHB Devan Clark 0-0: Ball
1-0: Ball
2-0: Called Strike
2-1: Ground out U3 (Groundball, 34, EV 100.0 MPH)
Batting: RHB Ben Piche 0-0: Ground out 3-1 (Groundball, 34S, EV 85.0 MPH)
Batting: LHB Robert Wenstrom 0-0: SOLO HOME RUN (Line Drive, 9LD, EV 95.6 MPH), Distance : 355 ft
Batting: RHB Asher Kappler 0-0: SOLO HOME RUN (Flyball, 7LD, EV 96.2 MPH), Distance : 348 ft
Batting: SHB Drake Stock 0-0: Ball
1-0: Called Strike
1-1: Foul Ball, location: 2F
1-2: Ball
2-2: Foul Ball, location: 2F
2-2: Fly out, F7 (Flyball, 7, EV 83.8 MPH)
Top of the 1st over - 2 runs, 2 hits, 0 errors, 0 left on base; Syracuse 2 - Indianapolis 0
BOTTOM OF THE 1ST
Indianapolis Clowns batting - Pitching for Syracuse Snappers : RHP Kurtis McClellan
Pitching: RHP Kurtis McClellan
Batting: RHB Nick Edwards 0-0: Swinging Strike
0-1: Foul Ball, location: 2F
0-2: Strikes out looking
Batting: LHB Casey Courtney 0-0: Ball
1-0: Foul Ball, location: 2F
1-1: Foul Ball, location: 2F
1-2: Ground out 1-3 (Groundball, 15S, EV 64.4 MPH)
Batting: SHB Darren Lane 0-0: Ball
1-0: Ball
2-0: Ball
3-0: Base on Balls
Batting: RHB Kristian LeDoux 0-0: SINGLE (Flyball, 8RS, EV 88.8 MPH)
Darren Lane to second
Runner from 2nd tries for 3rd, SAFE, throw by CF made to third
Batting: RHB Tai de Bruijn 0-0: Ball
1-0: Foul Ball, location: 2F
1-1: Fly out, F8 (Flyball, 8LS, EV 96.9 MPH)
Bottom of the 1st over - 0 runs, 1 hit, 0 errors, 2 left on base; Syracuse 2 - Indianapolis 0
TOP OF THE 2ND
Syracuse Snappers batting - Pitching for Indianapolis Clowns : RHP Cooper Welsh
Batting: RHB Victor Day 0-0: DOUBLE (Groundball, 5L, EV 107.5 MPH)
Batting: RHB Cody Kats 0-0: Ball
1-0: Ball
2-0: Swinging Strike
2-1: Called Strike
2-2: SINGLE (Groundball, 6MD, EV 96.2 MPH)
Victor Day to third
Runner from 3rd tries for Home, throw by CF and OUT! 8-2
Cody Kats to second
Batting: RHB Damian Goranson 0-0: Ball
1-0: Ball
Cody Kats steals 3rd base
2-0: SINGLE (Groundball, 5D, EV 95.0 MPH)
Cody Kats scores
Batting: RHB Lukas Byrd 0-0: SINGLE (Flyball, 8RS, EV 91.9 MPH)
Damian Goranson to second
Batting: LHB Devan Clark 0-0: Ball
1-0: SINGLE (Line Drive, 78M, EV 107.5 MPH)
Damian Goranson to third
Lukas Byrd to second
Batting: RHB Ben Piche 0-0: Called Strike
0-1: Called Strike
0-2: SINGLE (Line Drive, 8RM, EV 96.9 MPH)
Damian Goranson scores
Lukas Byrd to third
Devan Clark to second
Batting: LHB Robert Wenstrom 0-0: Swinging Strike
0-1: Ball
1-1: Ball
2-1: Fly out, F9 (Flyball, 89S, EV 93.8 MPH)
Batting: RHB Asher Kappler 0-0: Ball
1-0: Ball
2-0: Ball
3-0: Base on Balls
Lukas Byrd scores
Devan Clark to third
Ben Piche to second
Batting: SHB Drake Stock 0-0: Foul Ball, location: 2F
0-1: Ball
1-1: Foul Ball, location: 2F
1-2: Ball
2-2: Foul Ball, location: 2F
2-2: Strikes out swinging
Top of the 2nd over - 3 runs, 6 hits, 0 errors, 3 left on base; Syracuse 5 - Indianapolis 0
BOTTOM OF THE 2ND
Indianapolis Clowns batting - Pitching for Syracuse Snappers : RHP Kurtis McClellan
Batting: RHB Jett Speer 0-0: Called Strike
0-1: Called Strike
0-2: Foul Ball, location: 2F
0-2: Strikes out swinging
Batting: LHB Delano Hurme 0-0: Called Strike
0-1: Called Strike
0-2: Strikes out swinging
Batting: RHB Ashby Ellis 0-0: Called Strike
0-1: Ball
1-1: Called Strike
1-2: Ball
2-2: Ball
3-2: Strikes out swinging
Bottom of the 2nd over - 0 runs, 0 hits, 0 errors, 0 left on base; Syracuse 5 - Indianapolis 0
TOP OF THE 3RD
Syracuse Snappers batting - Pitching for Indianapolis Clowns : RHP Cooper Welsh
Pitching: RHP Jaden Froman
Batting: RHB Victor Day 0-0: Called Strike
0-1: Ball
1-1: Foul Ball, location: 2F
1-2: Ground out 4-3 (Groundball, 13, EV 84.4 MPH)
Batting: RHB Cody Kats 0-0: Ball
1-0: Foul Ball, location: 2F
1-1: Ball
2-1: Ball
3-1: Foul Ball, location: 2F
3-2: Ground out 5-3 (Groundball, 56, EV 83.8 MPH)
Batting: RHB Damian Goranson 0-0: Called Strike
0-1: Fly out, F6 (Line Drive, 4M, EV 69.4 MPH)
Top of the 3rd over - 0 runs, 0 hits, 0 errors, 0 left on base; Syracuse 5 - Indianapolis 0
BOTTOM OF THE 3RD
Indianapolis Clowns batting - Pitching for Syracuse Snappers : RHP Kurtis McClellan
Batting: RHB Lee Vincent 0-0: Called Strike
0-1: Ball
1-1: Called Strike
1-2: Foul Ball, location: 2F
1-2: Strikes out swinging
Batting: RHB Nick Edwards 0-0: Ball
1-0: Ground out 5-3 (Groundball, 56S, EV 86.2 MPH)
Batting: LHB Casey Courtney 0-0: Foul Ball, location: 2F
0-1: Called Strike
0-2: Foul Ball, location: 2F
0-2: Strikes out swinging
Bottom of the 3rd over - 0 runs, 0 hits, 0 errors, 0 left on base; Syracuse 5 - Indianapolis 0
TOP OF THE 4TH
Syracuse Snappers batting - Pitching for Indianapolis Clowns : RHP Jaden Froman
Batting: RHB Lukas Byrd 0-0: Ball
1-0: Called Strike
1-1: Ball
2-1: Ball
3-1: Base on Balls
Batting: LHB Devan Clark 0-0: Ball
1-0: Ball
2-0: Called Strike
2-1: Ball
3-1: Base on Balls
Lukas Byrd to second
Batting: RHB Ben Piche 0-0: Called Strike
0-1: Grounds into double play, 6-4-3 (Groundball, 6, EV 83.8 MPH)
Lukas Byrd to third
Pinch Hitting: RHB Walter Worsham 0-0: Ball
1-0: Foul Ball, location: 2F
1-1: Ground out 4-3 (Groundball, 4MD, EV 101.2 MPH)
Top of the 4th over - 0 runs, 0 hits, 0 errors, 1 left on base; Syracuse 5 - Indianapolis 0
BOTTOM OF THE 4TH
Indianapolis Clowns batting - Pitching for Syracuse Snappers : RHP Kurtis McClellan
Now in LF: J.D. Diltz
Batting: SHB Darren Lane 0-0: Swinging Strike
0-1: Ball
1-1: Fly out, F9 (Flyball, 89M, EV 96.2 MPH)
Batting: RHB Kristian LeDoux 0-0: SINGLE (Line Drive, 78M, EV 95.0 MPH)
Batting: RHB Tai de Bruijn 0-0: Foul Ball, location: 2F
0-1: Foul Ball, location: 2F
0-2: Ball
1-2: Strikes out swinging
Batting: RHB Jett Speer 0-0: Ball
1-0: Ball
2-0: Ball
3-0: Called Strike
3-1: SINGLE (Groundball, 34D, EV 101.9 MPH)
Kristian LeDoux to second
Runner from 2nd tries for 3rd, SAFE, throw by RF made to third
Batting: LHB Delano Hurme 0-0: Called Strike
0-1: Foul Ball, location: 2F
0-2: Foul Ball, location: 2F
0-2: Ball
1-2: Ball
2-2: Strikes out looking
Bottom of the 4th over - 0 runs, 2 hits, 0 errors, 2 left on base; Syracuse 5 - Indianapolis 0
TOP OF THE 5TH
Syracuse Snappers batting - Pitching for Indianapolis Clowns : RHP Jaden Froman
Now at 2B: Gage Hay
Now at 3B: Blaise McFarland
Batting: RHB Asher Kappler 0-0: Ground out 5-3 (Groundball, 56, EV 90.6 MPH)
Batting: SHB Drake Stock 0-0: Ball
1-0: Ball
2-0: Ball
3-0: Called Strike
3-1: Called Strike
3-2: Ground out 4-3 (Groundball, 4, EV 80.0 MPH)
Pinch Hitting: SHB Spencer Buccheri 0-0: Ball
1-0: Foul Ball, location: 2F
1-1: Ball
2-1: Fly out, F4 (Popup, 4MD, EV 51.2 MPH)
Top of the 5th over - 0 runs, 0 hits, 0 errors, 0 left on base; Syracuse 5 - Indianapolis 0
BOTTOM OF THE 5TH
Indianapolis Clowns batting - Pitching for Syracuse Snappers : RHP Kurtis McClellan
Now at 1B: Spencer Buccheri
Now at 2B: Rodell bin Rahman
Now in RF: Lawrence Gatzioudis
Batting: RHB Ashby Ellis 0-0: Ball
1-0: Called Strike
1-1: Foul Ball, location: 2F
1-2: Foul Ball, location: 2F
1-2: Fly out, F6 (Line Drive, 6, EV 71.2 MPH)
Batting: RHB Lee Vincent 0-0: Ground out 5-3 (Groundball, 56S, EV 91.2 MPH)
Pinch Hitting: RHB Jared Bradley 0-0: Called Strike
0-1: Called Strike
0-2: Ball
1-2: SINGLE (Groundball, 6D, EV 106.9 MPH)
Batting: RHB Gage Hay 0-0: Ball
1-0: Called Strike
1-1: Swinging Strike
1-2: Fly out, F9 (Flyball, 9S, EV 90.0 MPH)
Bottom of the 5th over - 0 runs, 1 hit, 0 errors, 1 left on base; Syracuse 5 - Indianapolis 0
TOP OF THE 6TH
Syracuse Snappers batting - Pitching for Indianapolis Clowns : RHP Jaden Froman
Pitching: RHP Garrick Tso
Now at C: John Jones
Now at 1B: Sean Hayward
Now at SS: Jared Bradley
Now in LF: Kristian LeDoux
Now in CF: Tom Holderness
Now in RF: Elias Owen
Pinch Hitting: RHB Charlie Jones 0-0: Ball
1-0: Swinging Strike
1-1: Swinging Strike
1-2: Reaches on Catchers interference
Batting: RHB Damian Goranson 0-0: Ball
Charlie Jones steals 2nd base
1-0: Ground out 4-3 (Groundball, 4, EV 82.5 MPH)
Charlie Jones to third
Batting: RHB Lukas Byrd 0-0: Called Strike
0-1: Fly out, F4 (Popup, 3D, EV 68.8 MPH)
Batting: RHB Felix Guzman 0-0: Swinging Strike
0-1: Foul Ball, location: 2F
0-2: Strikes out swinging
Top of the 6th over - 0 runs, 0 hits, 1 error, 1 left on base; Syracuse 5 - Indianapolis 0
BOTTOM OF THE 6TH
Indianapolis Clowns batting - Pitching for Syracuse Snappers : RHP Kurtis McClellan
Pitching: RHP Carnell Torres
Now at C: Colton Sheridan
Now at 3B: Charlie Jones
Now in CF: Grayson Fragale
Batting: RHB Blaise McFarland 0-0: Called Strike
0-1: Ball
1-1: Foul Ball, location: 2F
1-2: DOUBLE (Flyball, 78XD, EV 108.8 MPH)
Pinch Hitting: RHB Bryant Francis 0-0: DOUBLE (Groundball, 5L, EV 101.2 MPH)
Blaise McFarland scores
Batting: LHB Sean Hayward 0-0: Called Strike
0-1: SINGLE (Groundball, 4MD, EV 100.6 MPH)
Bryant Francis to third
Runner from 3rd tries for Home, SAFE, throw by CF to home
Batting: RHB Isaac Rowe 0-0: Ball
1-0: Ball
2-0: DOUBLE (Flyball, 78XD, EV 106.2 MPH)
Sean Hayward to third
Pinch Hitting: LHB Grady Faulkner 0-0: Ground out 3-1 (Groundball, 34S, EV 85.0 MPH)
Sean Hayward scores
Isaac Rowe to third
Pitching: LHP Jamie Matchett
Batting: LHB Elias Owen 0-0: Ball
1-0: Foul Ball, location: 2F
1-1: Swinging Strike
1-2: Strikes out swinging
Pitching: RHP Mitch Wininger
Batting: RHB John Jones 0-0: Foul Ball, location: 2F
0-1: Called Strike
0-2: SINGLE (Groundball, 6MD, EV 94.4 MPH)
Isaac Rowe scores
Batting: RHB Jared Bradley 0-0: Foul Ball, location: 2F
0-1: Ground out 4-3 (Groundball, 34D, EV 83.1 MPH)
Bottom of the 6th over - 4 runs, 5 hits, 0 errors, 1 left on base; Syracuse 5 - Indianapolis 4
TOP OF THE 7TH
Syracuse Snappers batting - Pitching for Indianapolis Clowns : RHP Garrick Tso
Pitching: RHP Eddie Hasenkamp
Now in LF: Bryant Francis
Now in CF: Grady Faulkner
Batting: LHB Lawrence Gatzioudis 0-0: Ball
1-0: Ball
2-0: Called Strike
2-1: Ball
3-1: Foul Ball, location: 2F
3-2: Strikes out swinging
Pitching: RHP Logan Osborne
Batting: SHB J.D. Diltz 0-0: Called Strike
0-1: Ball
1-1: Ground out U3 (Groundball, 3L, EV 85.6 MPH)
Batting: LHB Grayson Fragale 0-0: Called Strike
0-1: Foul Ball, location: 2F
0-2: Foul Ball, location: 2F
0-2: Ball
1-2: Strikes out looking
Top of the 7th over - 0 runs, 0 hits, 0 errors, 0 left on base; Syracuse 5 - Indianapolis 4
BOTTOM OF THE 7TH
Indianapolis Clowns batting - Pitching for Syracuse Snappers : RHP Mitch Wininger
Pitching: RHP Blake Mitchell
Batting: RHB Gage Hay 0-0: Called Strike
0-1: DOUBLE (Flyball, 8LD, EV 87.5 MPH)
Batting: RHB Blaise McFarland 0-0: Foul Ball, location: 2F
0-1: Ball
1-1: Foul Ball, location: 2F
1-2: SINGLE (Line Drive, 8LS, EV 101.9 MPH)
Gage Hay to third
Batting: RHB Bryant Francis 0-0: Called Strike
0-1: Called Strike
0-2: Ball
1-2: Ball
2-2: Ball
3-2: SINGLE (Groundball, 34, EV 100.0 MPH)
Gage Hay scores
Blaise McFarland to second
Throwing error, E9
Blaise McFarland scores
Bryant Francis to second
Pitching: LHP Reuben Yoshida
Batting: LHB Sean Hayward 0-0: Ball
1-0: Foul Ball, location: 2F
1-1: Called Strike
1-2: DOUBLE (Line Drive, 89M, EV 106.2 MPH)
Bryant Francis scores
Pitching: RHP Carson Courtney
Batting: RHB Isaac Rowe 0-0: Fly out, F7 (Flyball, 7D, EV 91.9 MPH)
Batting: LHB Grady Faulkner 0-0: Ball
1-0: Ball
2-0: Ball
3-0: Called Strike
3-1: Foul Ball, location: 2F
3-2: Fly out, F9 (Flyball, 9LM, EV 85.0 MPH)
Batting: LHB Elias Owen 0-0: Fly out, F8 (Flyball, 89M, EV 88.1 MPH)
Bottom of the 7th over - 3 runs, 4 hits, 1 error, 1 left on base; Syracuse 5 - Indianapolis 7
TOP OF THE 8TH
Syracuse Snappers batting - Pitching for Indianapolis Clowns : RHP Logan Osborne
Batting: RHB Rodell bin Rahman 0-0: Foul Ball, location: 2F
0-1: Ball
1-1: Ball
2-1: Called Strike
2-2: Ball
3-2: DOUBLE (Line Drive, 9LM, EV 100.6 MPH)
Batting: SHB Spencer Buccheri 0-0: Ground out 5-3 (Groundball, 5S, EV 69.4 MPH)
Rodell bin Rahman to third
Batting: RHB Charlie Jones 0-0: Foul Ball, location: 2F
0-1: Swinging Strike
0-2: Strikes out swinging
Pitching: RHP Kelvin Scruggs
Batting: RHB Damian Goranson 0-0: Ball
1-0: Swinging Strike
1-1: Ground out 3-1 (Groundball, 34, EV 84.4 MPH)
Top of the 8th over - 0 runs, 1 hit, 0 errors, 1 left on base; Syracuse 5 - Indianapolis 7
BOTTOM OF THE 8TH
Indianapolis Clowns batting - Pitching for Syracuse Snappers : RHP Carson Courtney
Pitching: RHP Rob Villarreal
Batting: RHB John Jones 0-0: Called Strike
0-1: Ball
1-1: Called Strike
1-2: Fly out, F7 (Line Drive, 7, EV 91.9 MPH)
Batting: RHB Jared Bradley 0-0: Ball
1-0: Foul Ball, location: 2F
1-1: Fly out, F8 (Flyball, 8RD, EV 104.4 MPH)
Batting: RHB Gage Hay 0-0: Called Strike
0-1: Ball
1-1: Ground out 5-3 (Groundball, 5, EV 96.2 MPH)
Bottom of the 8th over - 0 runs, 0 hits, 0 errors, 0 left on base; Syracuse 5 - Indianapolis 7
TOP OF THE 9TH
Syracuse Snappers batting - Pitching for Indianapolis Clowns : RHP Kelvin Scruggs
Batting: RHB Colton Sheridan 0-0: Ball
1-0: Foul Ball, location: 2F
1-1: Swinging Strike
1-2: Fly out, F8 (Line Drive, 8LD, EV 96.2 MPH)
Batting: RHB Felix Guzman 0-0: Foul Ball, location: 2F
0-1: Foul Ball, location: 2F
0-2: Ball
1-2: Ball
2-2: Foul Ball, location: 2F
2-2: Strikes out looking
Batting: LHB Lawrence Gatzioudis 0-0: Ball
1-0: Ball
2-0: Ball
3-0: Called Strike
3-1: Base on Balls
Batting: SHB J.D. Diltz 0-0: Called Strike
0-1: Foul Ball, location: 2F
0-2: Ball
1-2: Ball
2-2: Foul Ball, location: 2F
2-2: Ball
3-2: Ground out 1-3 (Groundball, 13S, EV 66.2 MPH)
Top of the 9th over - 0 runs, 0 hits, 0 errors, 1 left on base; Syracuse 5 - Indianapolis 7
Tuesday, April 16th , 2024 - OOTP Baseball 23.10 Build 110